Map: Apotheosis LE

Players

Shadow

  • Race: Protoss Protoss
  • League: Diamond

DugeHick - Winner!

  • Race: Terran Terran
  • League: Diamond

VOD

Have the link to the VOD?

Description

Time

  • Played on: July 28, 2016, 9:26 a.m.
  • Length: 14:02
Show
View Real Time Build Order
Export as new Build Order

Shadow Protoss 

Build Orders:  

Get SALT Encoding   

  12  0:01  Probe (Chrono Boost)  
  13  0:11  Probe (Chrono Boost)  
  14  0:18  Pylon  
  14  0:23  Probe (Chrono Boost)  
  15  0:36  Probe (Chrono Boost)  
  15  0:38  Gateway  
  16  0:46  Probe (Chrono Boost)  
  16  0:49  Assimilator  
  17  0:57  Probe (Chrono Boost)  
  17  1:02  Gateway  
  18  1:08  Probe (Chrono Boost)  
  19  1:14  Pylon  
  19  1:18  Probe (Chrono Boost)  
  20  1:27  Cybernetics Core  
  20  1:31  Probe (Chrono Boost)  
  21  1:37  Assimilator  
  21  1:42  Probe (Chrono Boost)  
  22  1:52  Probe (Chrono Boost)  
  22  1:53  Warp Gate  
  23  1:55  Pylon  
  22  2:09  Adept  
  22  2:10  Adept  
  26  2:23  Pylon  
  26  2:28  Mothership Core (Chrono Boost)  
  28  2:51  Robotics Facility  
  28  2:59  Adept  
  28  3:00  Adept  
  28  3:04  Gateway  
  32  3:12  Gateway  
  32  3:19  Pylon  
  33  3:43  Probe (Chrono Boost)  
  33  3:53  Immortal  
  37  4:14  Stalker x3  
  37  4:16  Stalker  
  45  4:24  Pylon  
  45  4:30  Observer  
  45  4:32  Pylon  
  46  4:46  Pylon  
  46  4:49  Immortal  
  50  5:04  Stalker  
  52  5:31  Stalker x3  
  44  5:53  Stalker  
  41  6:19  Nexus  
  41  6:21  Pylon  
  41  6:23  Immortal  
  45  6:36  Stalker  
  47  6:59  Observer  
  47  7:06  Stalker  
  50  7:09  Adept  
  53  7:15  Probe (Chrono Boost)  
  54  7:23  Stalker  
  54  7:25  Immortal  
  54  7:27  Probe (Chrono Boost)  
  58  7:57  Stalker x3  
  61  7:59  Warp Prism  
  63  8:34  Stalker  
  63  8:35  Stalker x3  
  47  8:53  Probe (Chrono Boost)  
  47  8:54  Stalker  
  47  8:55  Stalker  
  51  9:00  Stalker  
  50  9:04  Probe (Chrono Boost)  
  51  9:14  Probe (Chrono Boost)  
  52  9:25  Probe (Chrono Boost)  
  53  9:35  Probe (Chrono Boost)  
  54  9:42  Stalker  
  54  9:43  Stalker x3  
  62  9:46  Probe (Chrono Boost)  
  45  10:03  Probe (Chrono Boost)  
  44  10:09  Cybernetics Core  
  45  10:14  Probe (Chrono Boost)  
  45  10:17  Robotics Bay  
  45  10:22  Assimilator  
  45  10:24  Probe (Chrono Boost)  
  45  10:25  Assimilator  
  48  10:31  Mothership Core (Chrono Boost)  
  48  10:35  Probe (Chrono Boost)  
  49  10:42  Adept x2  
  51  10:43  Adept  
  51  10:46  Probe (Chrono Boost)  
  55  10:53  Zealot  
  57  11:01  Forge  
  57  11:20  Robotics Facility  
  57  11:22  Pylon, Probe (Chrono Boost)  
  57  11:23  Pylon  
  58  11:32  Zealot x2, Probe (Chrono Boost)  
  61  11:33  Zealot x2  
  57  11:56  Protoss Ground Weapons Level 1  
  57  11:59  Photon Cannon  
  57  12:05  Photon Cannon  
  57  12:06  Pylon  
  57  12:12  Disruptor  
  60  12:31  Photon Cannon  
  60  12:34  Photon Cannon  
  60  12:40  Stalker  
  60  12:41  Stalker  
  58  13:02  Stalker x2  
  52  13:16  Observer  
  43  13:27  Stalker  
  43  13:28  Stalker x3  
  44  13:53  Adept x3  
  44  13:54  Adept  
Show
View Real Time Build Order
Export as new Build Order

DugeHick Terran - Winner!

Build Orders: Reaper Expand, MMM Bio 

Get SALT Encoding   

  12  0:01  SCV  
  13  0:13  SCV  
  14  0:18  Supply Depot  
  14  0:25  SCV  
  15  0:40  SCV  
  15  0:42  Barracks  
  16  0:44  Refinery  
  16  0:52  SCV  
  17  1:04  SCV  
  18  1:16  SCV  
  19  1:30  Orbital Command  
  19  1:31  Reaper  
  20  1:47  Command Center  
  20  2:06  Marine  
  21  2:13  Supply Depot, Factory  
  21  2:24  Marine  
  21  2:25  SCV  
  23  2:37  Bunker  
  23  2:39  Bunker  
  23  2:42  Marine  
  24  2:44  SCV  
  24  2:58  Widow Mine  
  26  3:00  Orbital Command, Marine  
  27  3:13  Refinery  
  27  3:18  Barracks  
  27  3:20  Marine  
  28  3:28  Starport  
  28  3:36  Widow Mine  
  28  3:39  SCV x2  
  32  3:47  Supply Depot  
  32  3:52  Bunker  
  31  3:55  Marine  
  31  4:00  Liberator  
  32  4:03  SCV x2  
  33  4:18  Barracks Tech Lab  
  33  4:19  Barracks  
  33  4:23  SCV  
  37  4:28  SCV  
  37  4:30  Marine  
  39  4:42  Factory Reactor  
  39  4:43  Stimpack  
  39  4:44  Marauder  
  41  4:53  Liberator, SCV x2  
  41  4:57  Supply Depot  
  42  5:05  SCV x2  
  47  5:18  Bunker  
  45  5:32  Supply Depot  
  39  6:02  Marine  
  37  6:06  SCV x2  
  37  6:07  Supply Depot  
  39  6:12  Liberator  
  39  6:16  Marauder, Marine  
  39  6:17  Widow Mine x2  
  46  6:19  SCV  
  46  6:20  Marine  
  51  6:37  Marauder  
  53  6:40  Marine  
  53  6:41  Barracks Tech Lab  
  54  7:01  Marauder x2, Marine  
  58  7:02  Widow Mine, Combat Shields  
  58  7:05  Supply Depot  
  61  7:09  Supply Depot  
  61  7:26  Widow Mine, Medivac  
  61  7:27  Marauder  
  61  7:29  Supply Depot  
  67  7:32  Supply Depot  
  67  7:44  Marauder, Marine  
  70  7:48  Marauder  
  68  7:52  Supply Depot  
  66  8:01  Marine  
  66  8:04  Marine  
  56  8:57  Bunker  
  50  9:06  Orbital Command  
  48  9:24  Marauder x2  
  48  9:25  Concussive Shells  
  48  9:28  Viking  
  48  9:31  Widow Mine x2  
  54  9:32  SCV x2  
  54  9:33  Barracks Reactor  
  54  9:34  Starport  
  59  9:41  Liberator  
  48  10:08  SCV x2  
  48  10:12  Starport Reactor  
  50  10:14  Widow Mine x2  
  50  10:20  Engineering Bay, SCV x2  
  56  10:26  Marine  
  56  10:27  Marauder  
  59  10:34  SCV x2  
  61  10:42  Marauder  
  63  10:44  Widow Mine x2  
  67  10:53  Medivac x2  
  71  11:06  Marine x3  
  71  11:07  Refinery, Marine  
  75  11:12  Terran Infantry Weapons Level 1  
  75  11:18  Supply Depot  
  75  11:28  Supply Depot  
  75  11:44  Marine  
  75  11:45  Widow Mine x2, Marauder x2, Marine  
  75  11:46  Starport Reactor  
  85  12:06  Command Center  
  85  12:09  Marine  
  86  12:23  Widow Mine, Marauder x2  
  86  12:26  SCV  
  76  12:59  Liberator  
  76  13:00  Liberator x2  
  65  13:15  Widow Mine, Marine x2  
  65  13:16  Widow Mine, Marauder x2  
  65  13:18  SCV  
  85  13:25  Orbital Command  
Tags
 
Add a new tag
Caveats
  • Supply blocks, unpowered buildings, or Contaminate may cause inaccurate times.
  • Supply counts are checked every 10 seconds.